 Dungeon Crawl Stone Soup version 0.29.1-4-g47bece8355 (webtiles) character file.

Game seed: 11165580906168853060

447 sanboga the Conjurer (level 6, -3/32 HPs)
             Began as a Deep Elf Conjurer on Dec 9, 2022.
             Slain by an orc
             ... wielding a +0 mace
              (6 damage)
             ... on level 4 of the Dungeon.
             The game lasted 00:07:11 (4146 turns).

sanboga the Conjurer (Deep Elf Conjurer)            Turns: 4146, Time: 00:07:11

Health: -3/32      AC:  6    Str:  4    XL:     6   Next: 73%
Magic:  7/16       EV: 27    Int: 25    God:
Gold:   137        SH:  0    Dex: 13    Spells: 10/15 levels left

rFire   . . .      SeeInvis .   o - +1 dagger (venom)
rCold   . . .      Faith    .   (no shield)
rNeg    . . .      Spirit   .   a - +0 robe
rPois   .          Reflect  .   d - +0 helmet
rElec   .          Harm     .   f - +0 cloak
rCorr   .          Rampage  .   p - +1 pair of gloves
Will    .....                   (no boots)
Stlth   +++.......              g - amulet of the acrobat
HPRegen 0.10/turn               (no ring)
MPRegen 0.15/turn               (no ring)

@: acrobatic
A: no striking features
a: no special abilities


You were on level 4 of the Dungeon.
You visited 2 branches of the dungeon, and saw 5 of its levels.

You collected 137 gold pieces.

Inventory:

Hand Weapons
 o - a +1 dagger of venom (weapon)
Armour
 a - a +0 robe (worn)
 d - a +0 helmet (worn)
 f - a +0 cloak (worn)
 p - a +1 pair of gloves (worn)
Jewellery
 g - an amulet of the acrobat (around neck)
Scrolls
 c - a scroll of fog {unknown}
 i - a scroll of silence {unknown}
 l - 3 scrolls of enchant weapon
 n - a scroll of fear {unknown}
Potions
 b - 3 potions of magic
 e - a potion of flight
 h - a potion of cancellation
 k - 4 potions of curing
 m - a potion of mutation


   Skills:
 - Level 2.4 Dodging
 + Level 5.1 Stealth
 + Level 5.4 Spellcasting
 * Level 7.0 Conjurations


You had 10 spell levels left.
You knew the following spells:

 Your Spells              Type           Power      Damage    Failure   Level
a - Magic Dart            Conj           100%       1d8       1%          1
b - Fulminant Prism       Conj/Hex       12%        3d9       19%         4

Your spell library contained the following spells:

 Spells                   Type           Power      Damage    Failure   Level
 Searing Ray              Conj           84%        2d7       1%          2
 Dazzling Flash           Conj/Hex       48%        N/A       5%          3
 Beastly Appendage        Tmut           12%        N/A       8%          1
 Slow                     Hex            24%        N/A       8%          1
 Wereblood                Tmut           6%         N/A       12%         2
 Iskenderun's Mystic Bla  Conj/Tloc      24%        2d7       19%         4
 Confusing Touch          Hex            6%         N/A       24%         3
 Spider Form              Tmut/Pois      6%         N/A       24%         3
 Vampiric Draining        Necr           6%         2d6       24%         3


Dungeon Overview and Level Annotations

Branches:
Dungeon (4/15)             Temple (1/1) D:4

Altars:
Ashenzari
Cheibriados
Elyvilon
Fedhas
Gozag
Makhleb
Nemelex Xobeh
Okawaru
Qazlal
Ru
Uskayaw
Xom
Yredelemnul
Zin
The Shining One

Annotations:
D:4 Edmund, Eustachio, Pikel


Message History

The orc hits you with a +0 club. The orc attacks as you move away!
The orc closely misses you. The orc attacks as you move away!
The orc completely misses you.
You hit the orc.
You kill the orc!
Casting: Magic Dart (safe; 1% risk of failure)
Confirm with . or Enter, or press ? or * to list all spells.
Aiming: Magic Dart (safe; 1% risk of failure)
Press: ? - help, Shift-Dir - straight line, f/p - ogre
Aim: an ogre, wielding a +0 giant spiked club (severely wounded, 100% to hit)
The magic dart hits the ogre.
The ogre is almost dead.
Casting: Magic Dart (safe; 1% risk of failure)
Confirm with . or Enter, or press ? or * to list all spells.
Aiming: Magic Dart (safe; 1% risk of failure)
Press: ? - help, Shift-Dir - straight line, f/p - ogre
Aim: an ogre, wielding a +0 giant spiked club (almost dead, 100% to hit)
The magic dart hits the ogre.
The ogre is almost dead.
The ogre closely misses you.
Casting: Magic Dart (safe; 1% risk of failure)
Confirm with . or Enter, or press ? or * to list all spells.
Aiming: Magic Dart (safe; 1% risk of failure)
Press: ? - help, Shift-Dir - straight line, f/p - ogre
Aim: an ogre, wielding a +0 giant spiked club (almost dead, 100% to hit)
The magic dart hits the ogre but does no damage.
The ogre is almost dead.
The ogre hits you with a +0 giant spiked club!
Ouch! That really hurt!
* * * LOW HITPOINT WARNING * * *
You hit the ogre.
You kill the ogre!
You feel your dexterity returning.
Your Stealth skill increases to level 5!
Your Conjurations skill increases to level 7!
The orc attacks as you move away! The orc misses you.
The orc attacks as you move away! The orc closely misses you.
The orc attacks as you move away! The orc completely misses you.
The orc attacks as you move away! The orc hits you with a +0 mace.
You die...

#.# #.# #.# #..........
#.####.#####.## #...........
#.............# #.@....... .
####@.######..# #......... #.
##.## #..# #......... #.###
#..# #..# +.........
+...###.#### #..# #.........
#..o..##.# #..# ###'####
#.@#####.# #..#
.......########>....##.# #..#
.............##.###.##.#####..#
......................[.......#
###.#..##.....................#
#.#...#....##.#....#.##.##..#
#..........##.#....#.##.##..#
#.PPS@.....##.#....#.##.##..#
##..>.........#....#.##.##..#


You could see an orc.

Vanquished Creatures
  A black bear (D:4)
  Pargi (Temple)
  An ogre (D:4)
  2 orc priests
  2 adders (D:3)
  An adder skeleton (D:2)
  3 worms
  2 dart slugs
  5 orcs
  4 bats
  A bat zombie (D:2)
  12 endoplasms
  3 giant cockroaches
  3 goblins (D:2)
  2 hobgoblins
  4 jackals (D:1)
  3 quokkas
  6 ball pythons
  2 ball python skeletons (D:2)
  2 ball python zombies (D:2)
  A giant cockroach zombie (D:2)
  8 kobolds
  A quokka zombie (D:2)
  3 rats
73 creatures vanquished.

Vanquished Creatures (others)
  5 fulminant prisms
5 creatures vanquished.

Grand Total: 78 creatures vanquished

Notes
Turn   | Place    | Note
-------+----------+-------------------------------------------
     0 | D:1      | sanboga the Deep Elf Conjurer began the quest for the Orb.
     0 | D:1      | Reached XP level 1. HP: 10/10 MP: 6/6
   295 | D:1      | Reached XP level 2. HP: 15/15 MP: 0/8
   388 | D:1      | Found a faded altar of an unknown god.
  1150 | D:2      | Reached skill level 5 in Conjurations
  1203 | D:2      | Reached XP level 3. HP: 9/19 MP: 6/10
  2289 | D:3      | Reached XP level 4. HP: 24/24 MP: 8/11
  2294 | D:3      | Learned a level 4 spell: Fulminant Prism
  3168 | D:4      | Noticed Pikel
  3168 | D:4      | Noticed a lemure
  3168 | D:4      | Noticed a lemure
  3173 | D:4      | Noticed a lemure
  3427 | D:4      | Noticed a black bear
  3437 | D:4      | Killed a black bear
  3438 | D:4      | Reached skill level 6 in Conjurations
  3438 | D:4      | Reached XP level 5. HP: 25/28 MP: 2/14
  3537 | D:4      | Found a staircase to the Ecumenical Temple.
  3565 | Temple   | Entered the Ecumenical Temple
  3651 | D:4      | Noticed Pargi
  3654 | D:4      | Noticed Edmund
  3677 | Temple   | Killed Pargi
  3678 | Temple   | Reached skill level 5 in Spellcasting
  3678 | Temple   | Reached XP level 6. HP: 21/32 MP: 15/15
  4091 | D:4      | Noticed Eustachio
  4131 | D:4      | Reached skill level 5 in Stealth
  4131 | D:4      | Reached skill level 7 in Conjurations
  4146 | D:4      | Slain by an orc

Illustrated notes

Levels and vault maps discovered:
D:1:      ncdulo_lavacross, layout_loops_ring,
          hellmonk_ecumenical_altar_arch_garden
D:2:      layout_rooms, serial_undead, serial_undead_e, serial_undead_e,
          serial_undead_c, serial_undead_b, serial_undead_d, serial_undead_b,
          minivault_24
D:3:      layout_basic
D:4:      layout_basic, minmay_temple_entry_overgrown, uniq_crazy_yiuf_cottage,
          uniq_pikel, uniq_edmund, uniq_pargi, uniq_eustachio
Temple:   minmay_freezing_vapour_temple

Skill      XL: |  1  2  3  4  5  6 |
---------------+-------------------+-----
Stealth        | 3 4 5 |  5.1
Conjurations   | 5 6 7 |  7.0
Spellcasting   | 4 5 |  5.4
Dodging        | |  2.4

Action                   |  1- 3 |  4- 6 || total
-------------------------+-------+-------++-------
Melee: Dagger            |       |    28 ||    28
 Cast: Magic Dart        |   110 |    46 ||   156
       Fulminant Prism   |       |     5 ||     5
  Use: Scroll            |       |     7 ||     7
Armor: Robe              |    16 |    23 ||    39
Dodge: Dodged            |    68 |    86 ||   154
